Map: Pillars of Gold LE

Players

OcpMetal - Winner!

  • Race: Terran Terran
  • League: Gold
  • Spawn Location: 7:00

Feather

  • Race: Protoss Protoss
  • League: Gold
  • Spawn Location: 1:00

VOD

Have the link to the VOD?

Description

Time

  • Played on: July 12, 2020, 10:04 p.m.
  • Length: 10:13
Show
View Real Time Build Order
Export as new Build Order

OcpMetal Terran - Winner!

Build Orders: Reaper Expand 

Get SALT Encoding   

  12  0:01  SCV  
  13  0:13  SCV  
  14  0:21  Supply Depot  
  14  0:31  SCV  
  15  0:44  SCV  
  15  0:46  Barracks  
  16  0:59  SCV  
  17  1:04  Refinery  
  17  1:06  Refinery  
  17  1:11  SCV  
  18  1:24  SCV  
  19  1:36  Orbital Command  
  19  1:43  Reaper  
  20  2:02  Command Center  
  20  2:18  Bunker  
  20  2:22  Supply Depot  
  20  2:24  SCV  
  20  2:29  Marine  
  22  2:37  SCV  
  23  2:38  Factory  
  23  2:49  SCV  
  24  3:01  SCV  
  25  3:13  SCV  
  25  3:16  Barracks Reactor  
  27  3:21  Orbital Command  
  27  3:25  SCV  
  27  3:27  Factory Tech Lab  
  27  3:37  SCV  
  27  3:39  Starport  
  28  3:44  Supply Depot  
  28  3:47  SCV  
  29  3:49  SCV  
  29  3:55  Marine x2  
  32  3:59  SCV  
  32  4:01  SCV  
  34  4:08  Factory Tech Lab  
  34  4:11  SCV  
  34  4:12  Marine  
  34  4:13  SCV, Marine  
  38  4:23  SCV  
  39  4:25  SCV  
  39  4:29  Siege Tank  
  39  4:30  Marine x2  
  45  4:32  Supply Depot  
  45  4:33  Cloaking Field  
  45  4:37  Banshee  
  48  4:45  Barracks  
  48  4:48  Engineering Bay, Marine x2  
  51  4:52  SCV  
  51  4:57  Supply Depot  
  51  5:06  Marine x2  
  53  5:19  Banshee  
  56  5:24  Marine x2  
  56  5:27  Factory Tech Lab  
  58  5:41  Marine  
  58  5:42  Marine  
  60  5:54  Siege Tank  
  63  5:59  Marine x2  
  65  6:17  Marine x2  
  67  6:19  Marine  
  68  6:28  Raven  
  70  6:33  Supply Depot  
  70  6:36  Supply Depot x2  
  70  6:54  Marine x3  
  70  6:55  Siege Tank  
  70  7:00  Barracks x2  
  59  7:02  Barracks x2  
  59  7:03  Barracks  
  59  7:04  Barracks  
  52  7:12  Missile Turret, Marine x3  
  55  7:16  Missile Turret  
  55  7:27  Siege Tank  
  58  7:30  Marine x3  
  61  7:48  Marine x3  
  64  7:54  Marine x2  
  64  7:55  Marine x4  
  70  7:59  Siege Tank  
  73  8:05  Marine x2  
  73  8:06  Marine  
  73  8:12  Marine x3  
  74  8:13  Marine x3  
  74  8:18  Stimpack  
  76  8:23  Marine x3  
  79  8:30  Marine x5  
  79  8:31  Siege Tank, Marine  
  88  8:41  Marine x3  
  88  8:47  Supply Depot  
  88  8:48  Marine x3  
  93  8:55  Supply Depot  
  94  8:58  Supply Depot  
  94  8:59  Supply Depot, Marine  
  94  9:00  Marine  
  94  9:03  Marine  
  94  9:08  Marine x6  
  97  9:17  Marine  
  97  9:18  Marine  
  97  9:21  Supply Depot, Siege Tank, Marine  
  103  9:26  Marine x6  
  109  9:35  Marine  
  109  9:36  Marine  
  111  9:39  Marine  
  111  9:44  Marine x6  
  118  9:46  Refinery  
  118  9:47  SCV  
  119  9:53  Marine  
  119  9:54  Marine  
Show
View Real Time Build Order
Export as new Build Order

Feather Protoss 

Build Orders: Blink Stalkers, Zealot Archon, Dark Templar Rush 

Get SALT Encoding   

  12  0:01  Probe  
  13  0:14  Pylon  
  13  0:18  Probe  
  14  0:30  Probe  
  14  0:35  Gateway  
  15  0:42  Assimilator  
  15  0:44  Probe  
  16  0:56  Probe  
  17  1:03  Assimilator  
  17  1:06  Probe  
  18  1:11  Pylon  
  18  1:15  Probe  
  18  1:23  Probe  
  19  1:26  Cybernetics Core  
  20  1:35  Probe  
  20  1:39  Gateway  
  21  1:44  Warp Gate  
  22  1:47  Probe  
  22  1:57  Gateway  
  22  1:59  Probe  
  23  2:03  Pylon  
  23  2:26  Pylon  
  23  2:34  Stalker, Pylon  
  23  2:35  Stalker  
  27  2:52  Twilight Council  
  27  3:19  Blink  
  27  3:30  Forge  
  27  3:36  Dark Shrine  
  27  3:40  Pylon  
  27  3:50  Stargate  
  27  4:10  Probe  
  28  4:18  Nexus  
  28  4:21  Probe  
  29  4:29  Probe  
  29  4:37  Probe  
  31  4:48  Probe  
  31  4:50  Shadow Stride  
  31  4:52  Robotics Facility  
  32  5:01  Probe  
  33  5:09  Assimilator  
  33  5:13  Assimilator  
  33  5:15  Pylon, Probe  
  33  5:20  Charge  
  34  5:27  Probe  
  35  5:36  Probe  
  35  5:37  Probe  
  37  5:44  Probe  
  37  5:45  Probe  
  39  5:53  Probe  
  39  5:54  Probe  
  39  5:56  Observer  
  41  6:01  Dark Templar x3  
  48  6:05  Probe  
  48  6:06  Probe  
  50  6:17  Probe  
  50  6:18  Probe  
  52  6:28  Pylon  
  52  6:29  Probe  
  52  6:30  Probe  
  54  6:41  Dark Templar x3  
  54  6:42  Probe  
  48  7:14  Stalker x3  
  54  7:16  Observer  
  54  7:22  Archon x3  
  51  7:24  Probe  
  51  7:26  Phoenix  
  51  7:32  Probe  
  51  7:39  Probe  
  51  7:41  Probe  
  53  7:48  Probe  
  53  7:49  Phoenix  
  53  7:50  Nexus  
  53  7:54  Probe  
  53  7:55  Pylon  
  53  7:57  Probe  
  55  8:06  Probe  
  55  8:09  Probe  
  54  8:15  Probe  
  52  8:21  Probe  
  52  8:23  Probe  
  53  8:27  Dark Templar x3  
  53  8:32  Probe  
  60  8:34  Robotics Bay  
  61  8:44  Probe  
  62  8:56  Probe  
  57  9:18  Void Ray  
  57  9:19  Zealot x2, Probe  
  57  9:20  Zealot  
  68  9:27  Assimilator, Probe  
  69  9:32  Assimilator  
  69  9:33  Probe x2  
  69  9:34  Pylon  
  69  9:36  Stargate, Probe  
  69  9:37  Pylon  
  71  9:41  Probe  
  73  9:48  Probe  
  73  9:51  Probe  
  74  9:55  Pylon  
  69  10:01  Probe  
Tags
 
Add a new tag
Caveats
  • Supply blocks, unpowered buildings, or Contaminate may cause inaccurate times.
  • Supply counts are checked every 10 seconds.